 Dungeon Crawl Stone Soup version 0.21.1-1-g345015f (webtiles) character file.

459 inc the Vexing (level 6, -9/24 HPs)
             Began as a Felid Enchanter on Feb 25, 2018.
             Mangled by an ice beast (13 damage)
             ... on level 5 of the Dungeon.
             The game lasted 00:11:09 (5530 turns).

inc the Vexing (Felid Enchanter)                    Turns: 5530, Time: 00:11:10

Health: -9/24      AC:  2    Str:  4    XL:     6   Next: 78%
Magic:  10/10      EV: 18    Int: 18    God:
Gold:   136        SH:  0    Dex: 17    Spells: 3/9 levels left
                                        Lives:  0   Deaths: 1

rFire    . . .     SeeInvis +     - Unarmed
rCold    . . .     Gourm    .   (shield unavailable)
rNeg     . . .     Faith    .   (armour unavailable)
rPois    +         Spirit   .   (helmet unavailable)
rElec    .         Reflect  .   (cloak unavailable)
rCorr    .         Harm     .   (gloves unavailable)
MR       .....     Clarity  +   (boots unavailable)
Stlth    +++++.....             (no amulet)
HPRegen  0.08/turn              p - ring of poison resistance
MPRegen  0.12/turn              r - ring of stealth

@: quick
A: very small, no armour, no weapons or thrown items, stealth, claws 1, fangs 3,
see invisible, carnivore, clarity, deterioration 1, speed 1, shaggy fur 2, slow
metabolism 1, evolution 1, sharp paws
a: no special abilities


You were on level 5 of the Dungeon.
You were very full.

You visited 2 branches of the dungeon, and saw 6 of its levels.

You collected 136 gold pieces.

Inventory:

Jewellery
 j - an uncursed ring of loudness
 p - a ring of poison resistance (left paw)
 r - a ring of stealth (right paw)
Wands
 o - a wand of random effects (20)
Scrolls
 c - 2 scrolls of enchant weapon {unknown}
 f - a scroll of fear
 g - a scroll of teleportation
 h - a scroll of blinking
 l - 2 scrolls of immolation
 s - a scroll of magic mapping {unknown}
Potions
 d - a potion of mutation
 e - a potion of cancellation {unknown}
 i - a potion of curing
 k - a potion of heal wounds
 m - a potion of agility {unknown}
 n - a potion of might
 q - a potion of flight {unknown}
Books
 a - a book of Maledictions

   Spells                             Type                      Level
   a - Corona                         Hexes                        1
   b - Ensorcelled Hibernation        Hexes/Ice                    2
   c - Confuse                        Hexes                        3
   d - Tukima's Dance                 Hexes                        3
   e - Dazzling Spray                 Conjuration/Hexes            3
Comestibles
 b - 9 rations


   Skills:
 - Level 2.6 Dodging
 - Level 7.0 Stealth
 - Level 3.0 Unarmed Combat
 - Level 2.0 Spellcasting
 + Level 7.1 Hexes
 + Level 3.3 Ice Magic


You had 3 spell levels left.
You knew the following spells:

 Your Spells              Type           Power        Failure   Level  Hunger
a - Corona                Hex            ####...      1%          1    #......
b - Ensorcelled Hibernat  Hex/Ice        ###...       3%          2    ###....
c - Confuse               Hex            ####....     2%          3    ###....


Dungeon Overview and Level Annotations

Branches:
Dungeon (5/15)             Temple (1/1) D:4

Altars:
Ashenzari
Cheibriados
Dithmenos
Elyvilon
Fedhas
Gozag
Hepliaklqana
Kikubaaqudgha
Makhleb
Nemelex Xobeh
Okawaru
Qazlal
Ru
Trog
Uskayaw
Vehumet
Wu Jian
Xom
Yredelemnul
Zin
The Shining One


Innate Abilities, Weirdness & Mutations

You cannot wear armour.
You are incapable of wielding weapons or throwing items.
Your paws allow you to move quietly. (Stealth)
You have sharp claws.
You have razor-sharp teeth.
You have supernaturally acute eyesight. (SInv)
You are carnivorous and can eat meat at any time.
You cover ground quickly.
You are covered in thick fur. (AC +2)
You have a slow metabolism.
Your sharp claws are effective at attacking unaware monsters.
You possess an exceptional clarity of mind.
Your body sometimes deteriorates upon taking damage.
You evolve.


Message History

Done exploring.
There is a stone staircase leading up here.
You see here a leopard gecko skeleton.
(D) Dungeon (T) Temple
Where to? (Enter - D:4, ? - help)
There is a stone staircase leading down here.
You climb downwards.
An ice beast comes into view.
There is a stone staircase leading up here.
You pounce on the unaware helpless ice beast!
You mangle the ice beast!!
The ice beast is almost dead.
The ice beast hits you. The ice beast freezes you!
Ouch! That really hurt!
There is a stone staircase leading up here.
The ice beast hits you.
* * * LOW HITPOINT WARNING * * *
The ice beast freezes you!
Ouch! That really hurt!
You die...

### .. +# #
#.##.##.#
.#.###......
........#.##
#.@...#.#.
#.Y.......
#.....###.
....#.##
......###
#####.## #.
.. ##


You could see an ice beast.

Vanquished Creatures
  3 ogres (D:4)
  An iguana (D:4)
  Natasha (twice) (D:3)
  Terence (D:2)
  3 gnolls (D:3)
  8 adders
  An ooze (D:2)
  An adder skeleton (D:4)
  2 worms
  3 dart slugs
  3 leopard geckos
  An orc (D:2)
  3 ball pythons
  7 bats
  7 giant cockroaches
  8 goblins
  7 hobgoblins
  2 jackals (D:4)
  A quokka (D:2)
  10 frilled lizards
  13 kobolds
  4 rats
91 creatures vanquished.

Notes
Turn   | Place    | Note
-------+----------+-------------------------------------------
     0 | D:1      | inc the Felid Enchanter began the quest for the Orb.
     0 | D:1      | Reached XP level 1. HP: 7/7 MP: 4/4
   305 | D:1      | Reached XP level 2. HP: 11/11 MP: 6/6
   350 | D:1      | Learned a level 2 spell: Ensorcelled Hibernation
  1372 | D:2      | Reached XP level 3. HP: 14/14 MP: 4/7
  1739 | D:2      | Found an iron altar of Okawaru.
  2499 | D:2      | Noticed Terence
  2551 | D:2      | Learned a level 3 spell: Confuse
  2567 | D:2      | Killed Terence
  2567 | D:2      | Reached skill level 5 in Stealth
  2567 | D:2      | Reached XP level 4. HP: 10/18 MP: 5/8
  3876 | D:3      | Noticed Natasha
  3881 | D:3      | Killed Natasha
  3881 | D:3      | Reached XP level 5. HP: 21/21 MP: 9/9
  3995 | D:3      | Gained mutation: Your body sometimes deteriorates upon taking damage. [potion of mutation]
  3995 | D:3      | Gained mutation: You possess an exceptional clarity of mind. [potion of mutation]
  3995 | D:3      | Gained mutation: You evolve. [potion of mutation]
  3995 | D:3      | Slain by an adder
  3996 | D:3      | Reached XP level 4. HP: 0/18 MP: 1/8
  4011 | D:3      | Reached skill level 1 in Ice Magic
  4154 | D:3      | Found a white marble altar of Elyvilon.
  4231 | D:3      | Found a shimmering altar of Xom.
  4257 | D:3      | Reached skill level 5 in Hexes
  4368 | D:3      | Found a glowing silver altar of Zin.
  4369 | D:3      | Found a radiant altar of Vehumet.
  4372 | D:3      | Found an opulent altar of Gozag.
  4437 | D:3      | Noticed Natasha
  4446 | D:3      | Killed Natasha
  4446 | D:3      | Reached XP level 5. HP: 21/21 MP: 3/9
  4677 | D:4      | Found a staircase to the Ecumenical Temple.
  4694 | D:4      | HP: 1/21 [iguana (10)]
  5020 | Temple   | Entered the Ecumenical Temple
  5063 | D:4      | Noticed an ogre
  5065 | D:4      | Killed an ogre
  5090 | D:4      | Noticed an ogre
  5097 | D:4      | Killed an ogre
  5097 | D:4      | Gained mutation: You are covered in thick fur. (AC +2) [Felid growth]
  5097 | D:4      | Reached XP level 6. HP: 24/24 MP: 8/10
  5526 | D:5      | Entered Level 5 of the Dungeon
  5526 | D:5      | Noticed an ice beast
  5530 | D:5      | Mangled by an ice beast

Skill      XL: |  1  2  3  4  5  6 |
---------------+-------------------+-----
Unarmed Combat | 2 3 |  3.0
Stealth        | 5 7 |  7.0
Ice Magic      | 1 2 3 |  3.3
Hexes          | 5 6 7 |  7.1
Dodging        | |  2.6
Spellcasting   | |  2.0

Action                   |  1- 3 |  4- 6 || total
-------------------------+-------+-------++-------
Melee: Unarmed           |   122 |   106 ||   228
       Bite              |     6 |     2 ||     8
 Cast: Corona            |     2 |     2 ||     4
       Ensorcelled Hiber |    12 |    35 ||    47
       Confuse           |       |     1 ||     1
  Use: Scroll            |       |     9 ||     9
       Potion            |       |     1 ||     1
 Stab: Sleeping          |    15 |    41 ||    56
       Distracted        |       |     1 ||     1
  Eat: Chunk             |     3 |    11 ||    14
Armor: Skin              |    10 |     2 ||    12
Dodge: Dodged            |   118 |    74 ||   192
